 Dungeon Crawl Stone Soup version 0.29.0-13-gc9e81de378 (webtiles) character file.

Game seed: 10600909591087807492

2517 ponyjar the Carver (level 9, -5/61 HPs)
             Began as a Djinni Cinder Acolyte on Sept 10, 2022.
             Was a High Priest of Ignis.
             Slain by a wight
             ... wielding a +0 dagger of venom
              (6 damage)
             ... on level 7 of the Dungeon.
             The game lasted 00:07:48 (8961 turns).

ponyjar the Carver (Djinni Cinder Acolyte)          Turns: 8961, Time: 00:07:49

Health: -5/61      AC:  7    Str: 13    XL:     9   Next: 83%
Gold:   31         EV: 10    Int: 25    God:    Ignis [*****.] SH:  0 Dex: 10

rFire   + + +      SeeInvis .   a - -1 falchion (flame)
rCold   x x .      Faith    .   (no shield)
rNeg    . . .      Spirit   .   f - +1 ring mail
rPois   ∞          Reflect  .   (no helmet)
rElec   .          Harm     .   (no cloak)
rCorr   .          Rampage  .   (no gloves)
Will    .....                   (boots unavailable)
Stlth   ..........              (no amulet)
HPRegen 0.20/turn               q - +6 ring of intelligence
MPRegen 0.00/turn               o - ring of fire

@: flying, very slightly contaminated
A: sickness immunity, fire resistance 2, cold vulnerability 1, float, innate
caster, HP casting, extra vitality 1
a: Renounce Religion, Fiery Armour, Foxfire Swarm, Rising Flame


You were on level 7 of the Dungeon.
You worshipped Ignis.
Ignis was extremely pleased with you.
You visited 1 branch of the dungeon, and saw 7 of its levels.

You collected 329 gold pieces.
You spent 298 gold pieces at shops.

Inventory:

Hand Weapons
 a - a -1 falchion of flaming (weapon)
Armour
 b - a +0 robe
 f - a +1 ring mail (worn)
Jewellery
 k - a +6 ring of dexterity
 o - a ring of fire (right hand)
 q - a +6 ring of intelligence (left hand)
Scrolls
 c - a scroll of enchant weapon {unknown}
 g - a scroll of fear
 j - 2 scrolls of immolation
 l - a scroll of enchant armour
 m - 2 scrolls of noise {unknown}
 p - 2 scrolls of teleportation {unknown}
 s - 2 scrolls of blinking
 t - a scroll of summoning {unknown}
 u - a scroll of brand weapon {unknown}
 v - a scroll of butterflies
 x - a scroll of magic mapping
Potions
 d - a potion of heal wounds
 e - 2 potions of curing
 h - 2 potions of magic
 i - 3 potions of haste
 n - a potion of ambrosia {unknown}
 r - 2 potions of brilliance
 w - 2 potions of mutation


   Skills:
 * Level 3.2 Fighting
 * Level 8.3 Long Blades
 * Level 7.0 Armour
 * Level 5.0 Spellcasting


You had 7 spell levels left.
You knew the following spells:

 Your Spells              Type           Power      Damage    Failure   Level
a - Scorch                Fire           94%        2d9       3%          2
b - Necrotise             Necr           100%       1d9       1%          1
c - Wereblood             Tmut           31%        N/A       3%          2
d - Gell's Gravitas       Tloc           31%        N/A       6%          3
e - Lesser Beckoning      Tloc           31%        N/A       6%          3
Your spell library was empty.

Dungeon Overview and Level Annotations

Branches:
Dungeon (7/15)
 Temple: D:4-7

Altars:
Ashenzari
Dithmenos
Elyvilon
Xom
The Shining One

Shops:
D:5 ?


Innate Abilities, Weirdness & Mutations

You are immune to sickness and miasma.
You are immune to poison.
Your flesh is very heat resistant. (rF++)
You are vulnerable to cold. (rC-)
You float through the air rather than walking.
You learn spells naturally, not from books.
Your magical power is your life essence.
You have superior vitality. (+4 MHP)


Message History

You destroy the wight!
The wight hits you with a +0 dagger of venom.
The wight closely misses you. The wight barely misses you.
Your Spellcasting skill increases to level 5!
Unknown command.
Unknown command.
Casting: Scorch (safe; 3% risk of failure)
Confirm with . or Enter, or press ? or * to list all spells.
You feel a surge of power!
Flames lash the wight.
The wight is burned terribly!
You destroy the wight!
The wight hits you from afar with a +4 halberd.
The wight hits you but does no damage.
Unknown command.
Unknown command.
Casting: Scorch (safe; 3% risk of failure)
Confirm with . or Enter, or press ? or * to list all spells.
You feel a surge of power!
Flames lash the wight.
The wight is severely damaged.
The wight's fire resistance burns away.
The wight hits you from afar with a +4 halberd!
* * * LOW HITPOINT WARNING * * *
The wight hits you but does no damage.
Unknown command.
Casting: Scorch (safe; 3% risk of failure)
Confirm with . or Enter, or press ? or * to list all spells.
You feel a surge of power!
Flames lash the wight.
The wight is moderately damaged.
The wight's fire resistance burns away.
* * * LOW HITPOINT WARNING * * *
The wight hits you from afar with a +4 halberd!
* * * LOW HITPOINT WARNING * * *
The wight closely misses you.
Unknown command.
Casting: Scorch (safe; 3% risk of failure)
Confirm with . or Enter, or press ? or * to list all spells.
You feel a surge of power!
Flames lash the wight.
The wight is burned terribly!
You destroy the wight!
* * * LOW HITPOINT WARNING * * *
The wight hits you with a +0 dagger of venom.
You die...

......... .###
#######.. ...
#.. ##.. #..
#... #.. #§.. #
#.. #§§§§§##
.## # #..
#§§§.§z§##....
##.##<. #
§§§.§@§§#....
.......
...§.§§§§§....>
......#
..§..§§§§......
#...#.#
.§§.....§......
##.##..
#§§§...§§§###..
.... ###
#....§.§## #
....####
##....§##
........
##...##
#..####. #...##
. ###.


You could see a wight (combustible).

Vanquished Creatures
  Pikel (D:7)
  Sigmund (D:6)
  Duvessa (D:7)
  2 black bears (D:6)
  3 ice beasts
  A centaur (D:7)
  4 lemures (D:7)
  2 phantoms
  A kobold brigand (D:4)
  A bullfrog (D:6)
  A necrophage (D:6)
  4 wights (D:7)
  Dowan (D:7)
  2 hounds
  3 jellies
  A gnoll bouda (D:6)
  5 orc priests
  5 orc wizards
  3 gnolls (D:6)
  12 adders
  A shadow imp (D:5)
  A white imp (D:6)
  An ufetubus (D:6)
  A worm (D:2)
  2 dart slugs
  20 orcs
  4 ball pythons
  6 bats
  3 endoplasms
  5 giant cockroaches
  6 goblins
  8 hobgoblins
  2 iguanas
  9 kobolds
  A quokka (D:2)
  A frilled lizard (D:1)
  6 rats
131 creatures vanquished.

Vanquished Creatures (collateral kills)
  An adder (D:2)
1 creature vanquished.

Grand Total: 132 creatures vanquished

Notes
Turn   | Place    | Note
-------+----------+-------------------------------------------
     0 | D:1      | ponyjar the Djinni Cinder Acolyte began the quest for the
                  | Orb.
     0 | D:1      | ponyjar set off with the following spells memorised:
                  | Scorch.
     0 | D:1      | Reached XP level 1. HP: 20/20 MP: 0/0
   123 | D:1      | Reached skill level 3 in Long Blades
   151 | D:1      | Reached XP level 2. HP: 22/25 MP: 0/0
   675 | D:2      | Reached XP level 3. HP: 22/30 MP: 0/0
   675 | D:2      | Learned a level 1 spell: Necrotise
   965 | D:2      | Reached skill level 4 in Long Blades
  1104 | D:2      | Reached XP level 4. HP: 21/35 MP: 0/0
  1117 | D:2      | HP: 1/35 [adder (4)]
  2196 | D:3      | Reached XP level 5. HP: 31/40 MP: 0/0
  2196 | D:3      | Learned a level 2 spell: Wereblood
  2336 | D:3      | Found a faded altar of an unknown god.
  2342 | D:3      | Reached skill level 5 in Long Blades
  2597 | D:3      | Found a white marble altar of Elyvilon.
  2650 | D:3      | Reached skill level 1 in Armour
  3278 | D:3      | Reached XP level 6. HP: 42/46 MP: 0/0
  3308 | D:3      | Found a shimmering altar of Xom.
  3968 | D:4      | Reached XP level 7. HP: 33/50 MP: 0/0
  3968 | D:4      | Learned a level 3 spell: Gell's Gravitas
  3974 | D:4      | Reached skill level 6 in Long Blades
  5459 | D:5      | Entered Level 5 of the Dungeon
  6038 | D:5      | Found Jiocrax's Magic Scroll Shoppe.
  6048 | D:5      | Bought a scroll of identify for 26 gold pieces
  6048 | D:5      | Bought a scroll of blinking for 97 gold pieces
  6048 | D:5      | Bought a scroll of magic mapping for 97 gold pieces
  6053 | D:5      | Bought a scroll of identify for 26 gold pieces
  6092 | D:5      | Bought a scroll of butterflies for 52 gold pieces
  6342 | D:5      | HP: 1/50 [orc warrior/+0 trident (8)]
  6404 | D:6      | Reached XP level 8. HP: 15/56 MP: 0/0
  6734 | D:6      | Reached skill level 7 in Long Blades
  6736 | D:6      | Reached skill level 5 in Armour
  7205 | D:6      | Noticed Sigmund
  7213 | D:6      | Killed Sigmund
  7461 | D:6      | Reached XP level 9. HP: 36/60 MP: 0/0
  7461 | D:6      | Learned a level 3 spell: Lesser Beckoning
  7964 | D:7      | Noticed Dowan
  7964 | D:7      | Noticed Duvessa
  7965 | D:7      | Noticed Pikel
  7981 | D:7      | Killed Dowan
  7990 | D:7      | Killed Duvessa
  8474 | D:7      | Killed Pikel
  8475 | D:7      | Reached skill level 8 in Long Blades
  8688 | D:7      | Found a glowing golden altar of the Shining One.
  8691 | D:7      | Found a broken altar of Ashenzari.
  8939 | D:7      | Found a shadowy altar of Dithmenos.
  8958 | D:7      | Reached skill level 5 in Spellcasting
  8960 | D:7      | HP: 3/61 [wight/+4 halberd (7)]
  8961 | D:7      | Slain by a wight

Illustrated notes

Levels and vault maps discovered:
D:1:      lightli_arrival_flooded_house, layout_rooms, minmay_vboxes
D:2:      layout_basic
D:3:      layout_rooms, dk_xom_monty_hall, mainiacjoe_overflow_paths,
          shapermc_ecumenical_altar_venn, minmay_misc_feat_hallway,
          grunt_decor_fettered
D:4:      layout_basic, mainiacjoe_overflow_alcove_1, kennysheep_orc_sif_temple,
          nicolae_eternal_life, chequers_serial_rivers_micro_a
D:5:      layout_loops_corners, minmay_temple_entry_statues, serial_shops,
          nicolae_diamond_shop
D:6:      layout_basic, uniq_sigmund
D:7:      layout_loops_cross, worldfamousw_hep_ancestral_shrine,
          nicolae_dithmenos_the_darkroom,
          chequers_temple_overflow_statue_of_worship, uniq_pikel, uniq_duvessa

Skill      XL: |  1  2  3  4  5  6  7  8  9 |
---------------+----------------------------+-----
Long Blades    | 3 4 5 6 7 8 |  8.3
Armour         | 1 3 4 5 7 |  7.0
Spellcasting   | 3 5 |  5.0
Fighting       | |  3.2

Action                   |  1- 3 |  4- 6 |  7- 9 || total
-------------------------+-------+-------+-------++-------
Melee: Falchion          |    45 |    26 |    38 ||   109
       Punch             |       |     2 |     1 ||     3
 Cast: Scorch            |    12 |    59 |   134 ||   205
       Necrotise         |     1 |     3 |       ||     4
       Wereblood         |       |     1 |       ||     1
  Use: Potion            |       |     6 |     6 ||    12
       Scroll            |       |       |    10 ||    10
Armor: Robe              |    14 |     4 |     1 ||    19
       Skin              |       |     3 |       ||     3
       Ring mail         |       |       |    23 ||    23
Dodge: Dodged            |    47 |    25 |    65 ||   137
